 Dungeon Crawl Stone Soup version 0.30.0-5-g1a98f26d00 (webtiles) character file.

Game seed: 16155608510205930832

2208 backslashecho the Cleaver (level 9, 0/71 HPs)
             Began as a Human Cinder Acolyte on May 11, 2023.
             Was a High Priest of Ignis.
             Slain by a skeletal warrior
             ... wielding a +0 hand axe
              (7 damage)
             ... on level 7 of the Dungeon.
             The game lasted 00:19:50 (8875 turns).

backslashecho the Cleaver (Human Cinder Acolyte)    Turns: 8875, Time: 00:19:50

Health: 0/71       AC: 23    Str: 18    XL:     9   Next: 60%
Magic:  10/10      EV: 12    Int: 14    God:    Ignis [*****.]
Gold:   309        SH:  0    Dex: 10    Spells: 10/10 levels left

rFire   + . .        g - +5 scythe "Finisher" {speed, execute}
rCold   . . .        (shield currently unavailable)
rNeg    . . .        t - +0 chain mail
rPois   .            d - +1 helmet
rElec   .            (no cloak)
rCorr   .            (no gloves)
SInv    .            (no boots)
Will    +....        (no amulet) Stlth
                     r - +5 ring of evasion
HPRegen 0.31/turn    F - +4 ring of protection
MPRegen 0.12/turn

%: no passive effects
@: fiery-armoured (expiring)
A: strong-willed 1, inability to drink after injury 1
a: Renounce Religion, Fiery Armour, Foxfire Swarm, Rising Flame


You were on level 7 of the Dungeon.
You worshipped Ignis.
Ignis was extremely pleased with you.
You visited 1 branch of the dungeon, and saw 7 of its levels.

You collected 309 gold pieces.

Inventory:

Hand Weapons
 a - a +0 war axe
 b - a +0 sling
 e - a +0 hand axe of flaming
 g - the +5 scythe "Finisher" (weapon) {speed, execute}
   (You found it on level 7 of the Dungeon)
Missiles
 c - 17 poisoned darts (quivered)
 D - 4 boomerangs
Armour
 d - a +1 helmet (worn)
 k - a +0 plate armour
 t - a +0 chain mail (worn)
Jewellery
 r - a +5 ring of evasion (left hand)
 F - a +4 ring of protection (right hand)
Wands
 E - a wand of mindburst (3)
Scrolls
 h - a scroll of blinking {unknown}
 i - 2 scrolls of noise {unknown}
 j - a scroll of enchant weapon
 m - a scroll of vulnerability {unknown}
 o - a scroll of enchant armour {unknown}
 p - 2 scrolls of amnesia {unknown}
 q - a scroll of identify
 u - 2 scrolls of fear {unknown}
 v - a scroll of summoning {unknown}
 w - a scroll of immolation {unknown}
 y - a scroll of brand weapon {unknown}
 B - 2 scrolls of teleportation {unknown}
Potions
 f - 2 potions of brilliance
 l - 2 potions of flight
 n - 2 potions of haste
 s - 3 potions of mutation
 x - a potion of cancellation {unknown}
 z - a potion of might
 A - a potion of ambrosia {unknown}
 C - a potion of attraction {unknown}
 G - a potion of heal wounds {unknown}


   Skills:
 + Level 6.9 Fighting
 * Level 9.4 Axes
 + Level 5.0 Armour
 - Level 1.0 Unarmed Combat
 - Level 1.0 Spellcasting
 - Level 3.0 Fire Magic


You had 10 spell levels left.
You didn't know any spells.
Your spell library contained the following spells:

 Spells                   Type           Power      Damage    Failure   Level
 Scorch                   Fire           18%        2d6       67%         2
 Gell's Gravitas          Tloc           0%         N/A       100%        3
 Teleport Other           Tloc           0%         N/A       100%        3
 Tukima's Dance           Hex            0%         N/A       100%        3
 Vhi's Electric Charge    Tloc/Air       0%         N/A       100%        3
 Passage of Golubria      Tloc           0%         N/A       100%        4
 Arcjolt                  Conj/Air       0%         1d10      100%        5
 Yara's Violent Unravell  Hex/Tmut       0%         3d3       100%        5
 Dispersal                Tloc           0%         N/A       100%        6
 Plasma Beam              Fire/Air       2%         2x1d13    100%        6


Dungeon Overview and Level Annotations

Branches:
Dungeon (7/15)             Temple (0/1) D:7

Altars:
Cheibriados
Dithmenos
Elyvilon
Nemelex Xobeh
Sif Muna
Vehumet
Zin


Innate Abilities, Weirdness & Mutations

You are strong-willed. (Will+)
You occasionally lose the ability to drink potions when taking damage.


Message History

The skeletal warrior is heavily damaged.
The skeletal warrior hits you but does no damage.
You hit the skeletal warrior but do no damage.
The skeletal warrior is heavily damaged.
The skeletal warrior hits you but does no damage.
You barely miss the skeletal warrior.
The skeletal warrior is heavily damaged.
The skeletal warrior hits you with a +0 hand axe!
You take 14 damage, and have 25/71 hp.
You hit the skeletal warrior but do no damage.
The skeletal warrior is heavily damaged.
The skeletal warrior hits you but does no damage.
You closely miss the skeletal warrior.
The skeletal warrior is heavily damaged.
The skeletal warrior hits you but does no damage.
The skeletal warrior is burned by your cloak of flames.
The skeletal warrior is heavily damaged.
You hit the skeletal warrior.
The skeletal warrior is severely damaged.
The skeletal warrior hits you but does no damage.
The skeletal warrior is burned by your cloak of flames.
The skeletal warrior is severely damaged.
The skeletal warrior hits you with a +0 hand axe!
* * * LOW HITPOINT WARNING * * *
The skeletal warrior is burned by your cloak of flames.
The skeletal warrior is severely damaged.
You take 15 damage, and have 11/71 hp.
MASSIVE DAMAGE!!
Okay, then.
Unknown command.
Okay, then.
Unknown command.
Unknown command.
You completely miss the skeletal warrior.
The skeletal warrior is severely damaged.
The skeletal warrior hits you with a +0 hand axe.
* * * LOW HITPOINT WARNING * * *
You take 5 damage, and have 6/71 hp.
It was a potion of mutation.
You feel extremely strange.
You feel strong-willed.
You occasionally lose the ability to drink potions when taking damage.
The skeletal warrior barely misses you.
Okay, then.
Unknown command.
You puncture the skeletal warrior!
The skeletal warrior is almost destroyed.
The skeletal warrior barely misses you.
You closely miss the skeletal warrior.
The skeletal warrior is almost destroyed.
The skeletal warrior hits you with a +0 hand axe!
You die...

### ### ###
#..##.##..#
.##.#.#..#..#.#
...##.#####.##
..##.#.#.#..#
######+##.#.###.###.#
#.........##.#.#.#.##
#..........#.##z##.##
#.........#.#..#@...#
..........#..##.##..#
.#####.##.###.#######
..# #.##....[.......
#..# #.#####....#####
##..##.# ##.###
<##..#.# #... .#
#.#.# ##### .# .#.#


You could see a skeletal warrior.

Vanquished Creatures
  4 wraiths (D:7)
  A steam dragon (D:5)
  2 water moccasins (D:6)
  A black bear (D:6)
  2 orc warriors (D:6)
  An ice beast (D:6)
  A phantom (D:3)
  A kobold brigand (D:6)
  A gnoll sergeant (D:5)
  5 orc priests
  A hound (D:6)
  4 jellies
  A sleepcap (D:6)
  3 iguanas
  2 orc wizards
  Robin (D:1)
  3 gnolls (D:5)
  5 adders
  A white imp (D:7)
  A worm (D:5)
  2 dart slugs
  15 orcs
  5 ball pythons
  9 bats
  4 endoplasms
  8 giant cockroaches
  9 goblins
  11 hobgoblins
  8 jackals (D:3)
  3 quokkas
  4 frilled lizards
  12 kobolds
  3 rats
134 creatures vanquished.

Vanquished Creatures (others)
  2 orc wizards (D:6)
2 creatures vanquished.

Grand Total: 136 creatures vanquished

Notes
Turn   | Place    | Note
-------+----------+-------------------------------------------
     0 | D:1      | backslashecho the Human Cinder Acolyte began the quest for
                  | the Orb.
     0 | D:1      | Reached XP level 1. HP: 18/18 MP: 2/2
   166 | D:1      | Reached XP level 2. HP: 10/24 MP: 3/3
   747 | D:1      | Reached XP level 3. HP: 29/29 MP: 4/4
   751 | D:1      | Reached skill level 1 in Unarmed Combat
   946 | D:2      | Noticed Robin
   979 | D:1      | Killed Robin
  1056 | D:2      | Reached skill level 4 in Axes
  1064 | D:2      | Reached XP level 4. HP: 29/35 MP: 5/5
  2169 | D:3      | Reached XP level 5. HP: 40/42 MP: 6/6
  2221 | D:3      | Found a shadowy altar of Dithmenos.
  2469 | D:3      | Found a shimmering blue altar of Sif Muna.
  2513 | D:3      | Reached skill level 5 in Axes
  2659 | D:3      | Found a white marble altar of Elyvilon.
  2969 | D:4      | Found a radiant altar of Vehumet.
  3073 | D:4      | Found a snail-covered altar of Cheibriados.
  3144 | D:4      | Found a sparkling altar of Nemelex Xobeh.
  3389 | D:4      | Noticed a phantom
  3442 | D:3      | Killed a phantom
  3443 | D:3      | Reached XP level 6. HP: 34/49 MP: 7/7
  3533 | D:4      | Found a glowing silver altar of Zin.
  3790 | D:5      | Entered Level 5 of the Dungeon
  3790 | D:5      | Noticed a steam dragon
  4372 | D:5      | Killed a steam dragon
  4373 | D:5      | Reached skill level 6 in Axes
  4373 | D:5      | Reached skill level 1 in Armour
  4373 | D:5      | Reached XP level 7. HP: 45/55 MP: 8/8
  5525 | D:5      | Reached skill level 5 in Fighting
  5831 | D:6      | Noticed a water moccasin
  5833 | D:6      | Killed a water moccasin
  5935 | D:6      | Reached XP level 8. HP: 61/62 MP: 9/9
  5963 | D:6      | Reached skill level 7 in Axes
  6873 | D:6      | Reached skill level 8 in Axes
  7276 | D:6      | Reached XP level 9. HP: 69/69 MP: 10/10
  7918 | D:7      | HP: 2/69 [acid (7)]
  8481 | D:7      | Found a staircase to the Ecumenical Temple.
  8796 | D:7      | Reached skill level 9 in Axes
  8841 | D:7      | Reached skill level 5 in Armour
  8853 | D:7      | Found the +5 scythe "Finisher" {speed, execute}
  8854 | D:7      | Noticed a skeletal warrior
  8873 | D:7      | Gained mutation: You are strong-willed. (Will+) [potion of
                  | mutation]
  8873 | D:7      | Gained mutation: You occasionally lose the ability to drink
                  | potions when taking damage. [potion of mutation]
  8875 | D:7      | Slain by a skeletal warrior

Illustrated notes

Levels and vault maps discovered:
D:1:      wheals_arrival_shading, layout_basic
D:2:      layout_basic, uniq_robin
D:3:      minmay_spotlight, layout_loops_cross,
          mainiacjoe_overflow_concentric_impassable, lemuel_crystal_altar,
          mainiacjoe_overflow_boulevard
D:4:      layout_loops_ring, nemelex_diamond_rough_becter, zin_scriptorium,
          vehumet_altar_wand_db, kennysheep_mini_moat,
          kennysheep_opposing_triangles
D:5:      layout_basic, serial_bayou_pond_e
D:6:      layout_basic
D:7:      layout_basic, regret_index_temple_of_mockery,
          minmay_temple_entry_statues, reono_crystal_passage,
          minmay_guarded_unrand_finisher

Skill      XL: |  1  2  3  4  5  6  7  8  9 |
---------------+----------------------------+-----
Unarmed Combat | 1 |  1.0
Axes           | 4 5 6 8 9 |  9.4
Fighting       | 4 5 6 |  6.9
Armour         | 1 2 3 5 |  5.0
Spellcasting   | |  1.0
Fire Magic     | |  3.0

Action                     |  1- 3 |  4- 6 |  7- 9 || total
---------------------------+-------+-------+-------++-------
  Melee: Hand axe          |    99 |   244 |   273 ||   616
         Punch             |     1 |     2 |     3 ||     6
         War axe           |       |       |    33 ||    33
         Scythe            |       |       |    15 ||    15
   Fire: Sling             |       |     7 |       ||     7
  Throw: Dart              |       |    19 |    28 ||    47
         Boomerang         |       |     1 |       ||     1
 Invoke: Fiery Armour      |       |     1 |     2 ||     3
  Evoke: Wand              |       |       |    14 ||    14
    Use: Scroll            |     1 |     3 |     1 ||     5
         Potion            |       |     1 |     6 ||     7
   Stab: Sleeping          |     1 |       |       ||     1
 Armour: Robe              |    16 |       |       ||    16
         Ring mail         |    15 |   113 |    48 ||   176
         Chain mail        |       |       |    59 ||    59
  Dodge: Dodged            |    46 |   163 |   188 ||   397
